 Dungeon Crawl Stone Soup version 0.26.1-11-gd32895ea62 (webtiles) character file.

Game seed: 7493859133286291860

241 Zeld the Cleaver (level 5, 0/45 HPs)
             Began as a Minotaur Berserker on May 24, 2021.
             Was a Believer of Trog.
             Killed from afar by Sigmund (11 damage)
             ... with a puff of flame
             ... on level 3 of the Dungeon.
             The game lasted 00:02:51 (2981 turns).

Zeld the Cleaver (Minotaur Berserker)               Turns: 2981, Time: 00:02:52

Health: 0/45       AC:  2    Str: 23    XL:     5   Next: 80%
Magic:  4/4        EV: 12    Int:  4    God:    Trog [**....]
Gold:   270        SH:  0    Dex:  9    Spells: 4/4 levels left

rFire    . . .     SeeInvis .   a - +0 hand axe
rCold    . . .     Faith    .   (no shield)
rNeg     . . .     Spirit   .   (no armour)
rPois    .         Reflect  .   (helmet restricted)
rElec    .         Harm     .   (no cloak)
rCorr    .         Rampage  .   e - +0 pair of gloves
Will     .....                  m - +0 pair of boots
Stlth    +.........             (no amulet)
HPRegen  0.15/turn              (no ring)
MPRegen  0.09/turn              (no ring)

@: berserk cooldown, slowed, very slow
A: retaliatory headbutt, horns 2
a: Renounce Religion, Berserk, Trog's Hand


You were on level 3 of the Dungeon.
You worshipped Trog.
Trog was pleased with you.
You visited 1 branch of the dungeon, and saw 3 of its levels.

You collected 270 gold pieces.

Inventory:

Hand Weapons
 a - a +0 hand axe (weapon)
Armour
 e - a +0 pair of gloves (worn)
 m - a +0 pair of boots (worn)
Wands
 n - a wand of digging (4)
Scrolls
 c - 3 scrolls of remove curse {unknown}
 d - a scroll of identify {unknown}
 f - 4 scrolls of teleportation {unknown}
 j - 2 scrolls of magic mapping {unknown}
 l - a scroll of random uselessness {unknown}
Potions
 b - a potion of degeneration {unknown}
 g - 2 potions of curing {unknown}
 h - a potion of heal wounds {unknown}
 i - a potion of resistance {unknown}
 k - a potion of magic {unknown}
 o - a potion of berserk rage {unknown}


   Skills:
 - Level 3.6 Fighting
 * Level 8.0 Axes
 - Level 2.4 Armour
 - Level 2.1 Dodging


You had 4 spell levels left.
You didn't know any spells.
Your spell library was empty.

Dungeon Overview and Level Annotations

Branches:
Dungeon (3/15)

Altars:

Annotations:
D:3 Sigmund


Innate Abilities, Weirdness & Mutations

You reflexively headbutt those who attack you in melee.
You have a pair of horns on your head.


Message History

You see here a ring mail.
The kobold hits you but does no damage. Something hits you.
* * * LOW HITPOINT WARNING * * *
The kobold hits you but does no damage.
You feel the effects of Trog's Hand fading.
Something hits you.
* * * LOW HITPOINT WARNING * * *
The kobold completely misses you. You furiously retaliate!
You headbutt the kobold, but do no damage.
Something hits you.
* * * LOW HITPOINT WARNING * * *
The kobold closely misses you. You furiously retaliate!
You headbutt the kobold.
You kill the kobold!
Trog accepts your kill.
Your skin stops crawling.
You feel less strong-willed.
A puff of flame appears from out of thin air!
The puff of flame hits you!
You die...

#####....#.......###.....
#...............###..##..
#.....#..>..........#####
#.....#........######
#.....#......รท.#
#.....#...{....#
#######.).....>#
#........# #.@......#
##########


There were no monsters in sight!

Vanquished Creatures
  A bullfrog (D:3)
  Jessica (D:3)
  Terence (D:2)
  Natasha (twice) (D:3)
  2 adders
  An ooze (D:3)
  3 dart slugs
  3 leopard geckos
  An orc (D:3)
  5 bats
  5 giant cockroaches
  5 goblins
  3 hobgoblins
  4 jackals
  4 frilled lizards
  7 kobolds
  A quokka zombie (D:3)
  6 rats
55 creatures vanquished.

Notes
Turn   | Place    | Note
-------+----------+-------------------------------------------
     0 | D:1      | Zeld the Minotaur Berserker began the quest for the Orb.
     0 | D:1      | Reached XP level 1. HP: 19/19 MP: 0/0
   312 | D:1      | Reached skill level 4 in Axes
   413 | D:1      | Reached XP level 2. HP: 26/26 MP: 1/1
  1114 | D:2      | Reached skill level 5 in Axes
  1418 | D:2      | Reached XP level 3. HP: 28/31 MP: 2/2
  1912 | D:2      | Noticed Terence
  1918 | D:2      | Killed Terence
  1918 | D:2      | Reached ** piety under Trog
  1919 | D:2      | Reached skill level 6 in Axes
  1919 | D:2      | Reached XP level 4. HP: 33/39 MP: 3/3
  2362 | D:3      | Noticed Jessica
  2368 | D:3      | Killed Jessica
  2383 | D:3      | Found a faded altar of an unknown god.
  2695 | D:3      | Noticed Natasha
  2704 | D:3      | Killed Natasha
  2705 | D:3      | Reached skill level 7 in Axes
  2705 | D:3      | Reached XP level 5. HP: 14/45 MP: 4/4
  2944 | D:3      | Noticed Sigmund
  2947 | D:3      | Noticed Natasha
  2954 | D:3      | Killed Natasha
  2955 | D:3      | Reached skill level 8 in Axes
  2967 | D:3      | HP: 1/45 [kobold/+0 dagger (4)]
  2981 | D:3      | Killed from afar by Sigmund

Illustrated notes

Levels and vault maps discovered:
D:1:      lightli_arrival_statue_moat, layout_basic
D:2:      cheibrodos_helix_gallery, layout_loops_ring, uniq_terence
D:3:      layout_rooms, chequers_ecumenical_altar_simple,
          corexii_hall_statues_l, uniq_natasha, uniq_sigmund, uniq_jessica

Skill      XL: |  1  2  3  4  5 |
---------------+----------------+-----
Axes           | 4 5 6 7 8 |  8.0
Fighting       | |  3.6
Armour         | |  2.4
Dodging        | |  2.1

Action                   |  1- 3 |  4- 6 || total
-------------------------+-------+-------++-------
Melee: Hand axe          |    71 |    59 ||   130
       Headbutt          |    12 |    10 ||    22
Invok: Berserk           |     1 |     2 ||     3
       Trog's Hand       |       |     1 ||     1
Armor: Skin              |     7 |     7 ||    14
Dodge: Dodged            |    51 |    34 ||    85
